 Dungeon Crawl Stone Soup version 0.29-a0-517-gbdf32494f2 (webtiles) character file.

Game seed: 8900716862205377130

32 hquester the Shield-Bearer (level 3, -1/36 HPs)
             Began as a Troll Fighter on May 30, 2022.
             Slain by Sigmund
             ... wielding a +3 scythe of flaming
              (12 damage)
             ... on level 2 of the Dungeon.
             The game lasted 00:04:03 (908 turns).

hquester the Shield-Bearer (Troll Fighter)           Turns: 908, Time: 00:04:04

Health: -1/36      AC:  4    Str: 24    XL:     3   Next: 10%
Magic:  2/2        EV:  9    Int:  4    God:
Gold:   38         SH:  7    Dex: 11    Spells: 2/2 levels left

rFire   . . .      SeeInvis .     - Unarmed
rCold   . . .      Faith    .   b - +0 kite shield
rNeg    . . .      Spirit   .   a - +0 robe
rPois   .          Reflect  .   (helmet restricted)
rElec   .          Harm     .   (no cloak)
rCorr   .          Rampage  .   (gloves unavailable)
Will    .....                   (boots unavailable)
Stlth   +.........              (no amulet)
HPRegen 0.92/turn               (no ring)
MPRegen 0.08/turn               (no ring)

@: no status effects
A: large, unfitting armour, claws 3, regeneration 1, shaggy fur 1, tough skin 1
a: no special abilities


You were on level 2 of the Dungeon.
You visited 1 branch of the dungeon, and saw 2 of its levels.

You collected 38 gold pieces.

Inventory:

Armour
 a - a +0 robe (worn)
 b - a +0 kite shield (worn)
 n - a +1 pair of boots
Scrolls
 d - 2 scrolls of identify {unknown}
 e - a scroll of fear {unknown}
 g - a scroll of immolation {unknown}
 h - a scroll of enchant armour {unknown}
 j - 2 scrolls of fog {unknown}
 k - 2 scrolls of teleportation {unknown}
 l - a scroll of blinking {unknown}
Potions
 c - a potion of might
 f - a potion of brilliance {unknown}
 i - a potion of attraction {unknown}
 m - a potion of haste {unknown}
 o - a potion of mutation {unknown}


   Skills:
 * Level 2.8 Fighting
 + Level 0.4 Armour
 + Level 2.7 Dodging
 + Level 2.9 Shields
 + Level 2.3 Unarmed Combat


You had 2 spell levels left.
You didn't know any spells.
Your spell library was empty.

Dungeon Overview and Level Annotations

Branches:
Dungeon (2/15)

Altars:

Annotations:
D:2 Sigmund


Innate Abilities, Weirdness & Mutations

You are too large for most types of armour.
You have claws for hands.
Your natural rate of healing is unusually fast.
You are covered in fur. (AC +1)
You have tough skin. (AC +1)


Message History

You barely miss the hobgoblin.
The hobgoblin is heavily wounded.
The hobgoblin hits you but does no damage.
Sigmund shouts!
You claw the hobgoblin!
You kill the hobgoblin!
You block Sigmund's attack. You block the hobgoblin's attack.
You scratch the hobgoblin but do no damage.
The hobgoblin hits you but does no damage.
Sigmund closely misses you.
You closely miss the hobgoblin.
The hobgoblin hits you but does no damage.
You scratch the hobgoblin but do no damage.
You block the hobgoblin's attack.
Sigmund mumbles some strange words.
Sigmund flickers and vanishes!
Deactivating autopickup; reactivate with Ctrl-A.
You scratch the hobgoblin but do no damage.
Something hits you. Something burns you.
The hobgoblin hits you but does no damage.
You barely miss the hobgoblin. The hobgoblin hits you. Something hits you.
Something burns you. The hobgoblin hits you.
You claw the hobgoblin!
You kill the hobgoblin!
Something hits you! Something burns you.
A goblin comes into view. It is wielding a +0 dagger.
You see here a hobgoblin corpse.
You miss something.
A quokka comes into view.
You hear some strange, mumbled words.
Something tries to affect you, but you resist.
The goblin shouts!
You claw something! Something completely misses you.
You scratch something.
You hear some strange, mumbled words.
A puff of flame appears from out of thin air!
The puff of flame hits you!
* * * LOW HITPOINT WARNING * * *
You scratch something. Something hits you!
You die...

### ... .. # #.#
.## #.##..
....#>#..
###....g###
#$...r.{@.###
..###.(##...###
### #..# ###...#
... #.. ###.# .
#.. #.## .... ##
#..# ## ###.
...####.#########.
..
.#..........#.....
..........#....##.


You could see a quokka and a goblin.

Vanquished Creatures
  An adder (D:2)
  A dart slug (D:1)
  2 ball pythons (D:1)
  An endoplasm (D:1)
  2 giant cockroaches (D:1)
  2 goblins
  3 hobgoblins
  A bat (D:2)
  A frilled lizard (D:1)
  2 kobolds (D:1)
  6 rats
22 creatures vanquished.

Vanquished Creatures (others)
  A plant (D:2)
1 creature vanquished.

Grand Total: 23 creatures vanquished

Notes
Turn   | Place    | Note
-------+----------+-------------------------------------------
     0 | D:1      | hquester the Troll Fighter began the quest for the Orb.
     0 | D:1      | Reached XP level 1. HP: 22/22 MP: 0/0
   126 | D:1      | Reached XP level 2. HP: 29/29 MP: 1/1
   819 | D:2      | Reached XP level 3. HP: 31/36 MP: 2/2
   893 | D:2      | Noticed Sigmund
   908 | D:2      | Slain by Sigmund

Illustrated notes

Levels and vault maps discovered:
D:1:      minmay_arrival_solitary_statue, layout_basic, hex_medium, st_stairs_8,
          amcnicky_mini_corridor_feature, minmay_heptomino_o4
D:2:      layout_rooms, serial_forest, infiniplex_forest_side_room,
          infiniplex_forest_clump_long, infiniplex_forest_end_1,
          infiniplex_forest_zigzag_1, infiniplex_forest_fountain,
          infiniplex_forest_lined_corner, serial_shops, nicolae_shop_stone,
          uniq_sigmund

Action                   || total
-------------------------++-------
Melee: Unarmed           ||    61
Armor: Robe              ||    22
Dodge: Dodged            ||    17
Block: Kite shield       ||    15

Table legend: (Time is in decaauts)
 A = Elapsed time spent in this place.
 B = Non-inter-level travel time spent in this place.
 C = Inter-level travel time spent in this place.
 D = Time resting spent in this place.
 E = Time spent auto-exploring this place.
 F = Levels seen in this place.
 G = Mean time per level.
                   A        B        C        D        E       F      G
               +--------+--------+--------+--------+--------+-----+--------+
         Total |    913 |    901 |     12 |      0 |    680 |   2 |  456.5 |
       Dungeon |    913 |    901 |     12 |      0 |    680 |   2 |  456.5 |
               +--------+--------+--------+--------+--------+-----+--------+

Top non-repeatable levels by time:
     D:1: 767 daAuts
     D:2: 146 daAuts
